 Dungeon Crawl Stone Soup version 0.19-a0-27-g415f530 (webtiles) character file.

119 epen the Sneak (level 4, 0/22 HPs)
             Began as a Spriggan Enchanter on May 1, 2016.
             Slain by an orc
             ... wielding a +0 flail
              (8 damage)
             ... on level 3 of the Dungeon.
             The game lasted 00:04:46 (2323 turns).

epen the Sneak (Spriggan Enchanter)                 Turns: 2323, Time: 00:04:47

Health: 0/22       AC:  5    Str:  4    XL:     4   Next: 74%
Magic:  9/9        EV: 20    Int: 16    God:
Gold:   142        SH:  0    Dex: 17    Spells: 4 memorised, 0 levels left

rFire  . . .     SeeInvis +     a - +1 dagger
rCold  . . .     Gourm    .     b - +1 robe
rNeg   . . .     Faith    .     (shield restricted)
rPois  .         Spirit   .     (helmet restricted)
rElec  .         Dismiss  .     g - +1 cloak
rCorr  .         Reflect  .     (gloves unavailable)
SustAt .         Harm     .     (boots unavailable)
MR     .....                    (no amulet)
Stlth  +++.......               (no ring)
                                (no ring)

@: very quick, not resistant to hostile enchantments, fairly stealthy
A: unfitting armour, see invisible, herbivore 3, speed 3, slow metabolism 2
a: no special abilities


You were on level 3 of the Dungeon.
You were not hungry.

You visited 1 branch of the dungeon, and saw 3 of its levels.

You collected 142 gold pieces.

Inventory:

Hand Weapons
 a - a +1 dagger (weapon)
 j - a +0 whip of freezing
Armour
 b - a +1 robe (worn)
 g - a +1 cloak (worn)
Jewellery
 o - an uncursed ring of ice
Scrolls
 e - a scroll of blinking {unknown}
 f - a scroll of remove curse
 h - a scroll of teleportation {unknown}
 l - 2 scrolls of fear {unknown}
 n - a scroll of random uselessness {unknown}
 p - a scroll of amnesia {unknown}
 q - a scroll of immolation {unknown}
Potions
 i - a potion of haste {unknown}
 k - a potion of cure mutation {unknown}
 m - 2 potions of brilliance
 r - a potion of flight
Books
 c - a book of Maledictions

   Spells                             Type                      Level
   a - Corona                         Hexes                        1
   b - Ensorcelled Hibernation        Hexes/Ice                    2
   c - Confuse                        Hexes                        3
   d - Tukima's Dance                 Hexes                        3
   e - Dazzling Spray                 Conjuration/Hexes            3
Comestibles
 d - 2 bread rations


   Skills:
 + Level 1.0 Fighting
 * Level 2.8 Short Blades
 + Level 4.4 Dodging
 + Level 5.0 Stealth
 + Level 3.2 Spellcasting
 + Level 4.0 Hexes


You couldn't memorise any spells.
You knew the following spells:

 Your Spells              Type           Power        Failure   Level  Hunger
a - Corona                Hex            ###....      4%          1    None
b - Ensorcelled Hibernat  Hex/Ice        #.....       14%         2    ##.....
c - Confuse               Hex            ###.....     12%         3    ###....
d - Tukima's Dance        Hex            ###.....     12%         3    ###....


Dungeon Overview and Level Annotations

Branches:
Dungeon (3/15)

Altars:
Nemelex Xobeh
Pakellas
The Shining One


Innate Abilities, Weirdness & Mutations

You are tiny and cannot use many weapons and most armour.
You have supernaturally acute eyesight.
You are a herbivore.
You cover ground extremely quickly.
You need consume almost no food.


Message History

You closely miss the orc.
The orc is moderately wounded.
The orc barely misses you.
You hit the orc but do no damage.
The orc is moderately wounded.
You hit the orc but do no damage.
The orc is moderately wounded.
The orc barely misses you.
You hit the orc.
The orc is heavily wounded.
The orc hits you with a flail.
You barely miss the orc.
The orc is heavily wounded.
The orc completely misses you.
You hit the orc but do no damage.
The orc is heavily wounded.
You hit the orc but do no damage.
The orc is heavily wounded.
The orc hits you with a flail!
You die...

#............#
#.....#.######
#.......#
###.......#
..........#
....##..#.##
... #..#..#
#..##.#
#o@##.#
#..##.#
#..##.##
#|.##o)#
#..##..#
#..##..#
#..##.o# #####
#..##..# .....
#oo##


You could see an orc.

Vanquished Creatures
  4 adders
  A worm (D:3)
  4 dart slugs
  A giant gecko (D:1)
  4 orcs (D:3)
  3 giant cockroaches
  10 goblins
  7 hobgoblins
  4 jackals
  6 kobolds
  A quokka (D:2)
  A ball python (D:1)
  8 bats
  4 giant newts
  7 rats
65 creatures vanquished.

Vanquished Creatures (others)
  A cyclops (D:2)
  2 dancing weapons (D:3)
3 creatures vanquished.

Grand Total: 68 creatures vanquished

Notes
Turn   | Place    | Note
--------------------------------------------------------------
     0 | D:1      | epen the Spriggan Enchanter began the quest for the Orb.
     0 | D:1      | Reached XP level 1. HP: 9/9 MP: 5/5
   109 | D:1      | Reached XP level 2. HP: 13/13 MP: 6/6
   152 | D:1      | Learned a level 2 spell: Ensorcelled Hibernation
   611 | D:2      | Reached XP level 3. HP: 17/17 MP: 8/8
   965 | D:2      | Learned a level 3 spell: Confuse
  1176 | D:2      | Found a glowing golden altar of the Shining One.
  1255 | D:2      | Reached skill level 1 in Fighting
  1375 | D:2      | Found an oddly glowing altar of Pakellas.
  1376 | D:2      | Noticed a cyclops
  1379 | D:2      | Killed a cyclops
  1451 | D:2      | Reached XP level 4. HP: 19/22 MP: 6/9
  1769 | D:3      | Learned a level 3 spell: Tukima's Dance
  2033 | D:3      | Reached skill level 5 in Stealth
  2248 | D:3      | Found a sparkling altar of Nemelex Xobeh.
  2323 | D:3      | Slain by an orc

Vault maps used:
D:1:      lightli_arrival_statuegarden
D:2:      gammafunk_pakellas_spire_experiment, tso_altar, feat_on_display
D:3:      nemelex_lonely_heart_becter

Skill      XL: |  1  2  3  4 |
---------------+-------------+-----
Short Blades   | 2 |  2.8
Dodging        | 4 |  4.4
Fighting       | 1 |  1.0
Spellcasting   | 3 |  3.2
Hexes          | 4 |  4.0
Stealth        | 5 |  5.0

Action                   |  1- 3 |  4- 6 || total
-------------------------+-------+-------++-------
Melee: Dagger            |   180 |   124 ||   304
 Cast: Ensorcelled Hiber |     5 |     6 ||    11
       Confuse           |       |     5 ||     5
       Tukima's Dance    |       |     3 ||     3
       Corona            |       |     2 ||     2
  Use: Scroll            |     4 |       ||     4
 Stab: Sleeping          |    18 |     6 ||    24
       Confused          |       |     2 ||     2
  Eat: Pizza             |       |     1 ||     1
Armor: Robe              |    24 |    10 ||    34
Dodge: Dodged            |   154 |    75 ||   229
